 Dungeon Crawl Stone Soup version 0.20.1-1-g8b1a95d (webtiles) character file.

16 Gukra the Magician (level 2, -1/20 HPs)
             Began as a Draconian Wizard on July 31, 2017.
             Slain by a leopard gecko (2 damage)
             ... on level 1 of the Dungeon on Aug 2, 2017.
             The game lasted 00:03:42 (829 turns).

Gukra the Magician (Draconian Wizard)                Turns: 829, Time: 00:03:42

Health: -1/20      AC:  6    Str:  9    XL:     2   Next: 37%
Magic:  0/6        EV: 12    Int: 18    God:
Gold:   56         SH:  0    Dex:  9    Spells: 6/7 levels left

rFire    . . .     SeeInvis .   m - +0 club
rCold    . . .     Gourm    .   (no shield)
rNeg     . . .     Faith    .   (armour unavailable)
rPois    .         Spirit   .   a - +0 hat
rElec    .         Reflect  .   (no cloak)
rCorr    .         Harm     .   (no gloves)
MR       .....     Rnd*Tele +   n - +1 pair of boots
Stlth    ++........             (no amulet)
Regen    0.1/turn               i - ring of teleportation (curse)
MPRegen  0.1/turn               (no ring)

@: no status effects
A: unfitting armour, cold-blooded, AC +4
a: no special abilities


You were on level 1 of the Dungeon.
You were not hungry.

You visited 1 branch of the dungeon, and saw 2 of its levels.

You collected 56 gold pieces.

Inventory:

Hand Weapons
 m - a +0 club (weapon)
Missiles
 g - 9 poisoned needles
Armour
 a - a +0 hat (worn)
 n - a +1 pair of boots (worn)
Jewellery
 i - a cursed ring of teleportation (left hand)
Scrolls
 e - a scroll of immolation {unknown}
 j - a scroll of enchant weapon {unknown}
Potions
 d - a potion of agility {unknown}
 f - a potion of ambrosia
 h - a potion of brilliance {unknown}
 k - a potion of heal wounds {unknown}
 p - a potion of degeneration {unknown}
Books
 b - a book of Minor Magic

   Spells                             Type                      Level
   a - Magic Dart                     Conjuration                  1
   b - Blink                          Translocation                2
   c - Call Imp                       Summoning                    2
   d - Slow                           Hexes                        2
   e - Conjure Flame                  Conjuration/Fire             3
   f - Mephitic Cloud                 Conjuration/Poison/Air       3
Comestibles
 c - 2 bread rations
 l - 3 fruits


   Skills:
 - Level 1.7 Dodging
 - Level 1.8 Stealth
 - Level 0.2 Unarmed Combat
 + Level 3.4 Spellcasting
 * Level 1.5 Conjurations
   Level 1.0 Summonings
   Level 1.0 Translocations


You had 6 spell levels left.
You knew the following spells:

 Your Spells              Type           Power        Failure   Level  Hunger
a - Magic Dart            Conj           #...         9%          1    None


Dungeon Overview and Level Annotations

Branches:
Dungeon (2/15)

Altars:

Annotations:
D:2 Sigmund


Innate Abilities, Weirdness & Mutations

Your plain brown scales are hard. (AC +4)
You cannot fit into any form of body armour.
You are cold-blooded and may be slowed by cold attacks.


Message History

You don't have enough magic to cast that spell.
Casting: Magic Dart
Confirm with . or Enter, or press ? or * to list all spells.
You don't have enough magic to cast that spell.
Casting: Magic Dart
Confirm with . or Enter, or press ? or * to list all spells.
You don't have enough magic to cast that spell.
Casting: Magic Dart
Confirm with . or Enter, or press ? or * to list all spells.
You don't have enough magic to cast that spell.
Casting: Magic Dart
Confirm with . or Enter, or press ? or * to list all spells.
You don't have enough magic to cast that spell.
Casting: Magic Dart
Confirm with . or Enter, or press ? or * to list all spells.
You don't have enough magic to cast that spell.
You closely miss the leopard gecko.
The leopard gecko is almost dead.
The leopard gecko bites you.
You die...

.)......#########...######..#.#
....................######..#.#
..####.###########..........#.#
######.######### #######.#.##.#
...............# #...##.#
.......#######.# #.###..###
######## #.# ####.###.....
##.######....##...#.#
#.#.@lbg....##..###).
##.####.>.......#...# ###
#..........#.## #........###.#
###...##.#...# #...##...###
##########


You could see a leopard gecko, a goblin and a bat.

Vanquished Creatures
  A dart slug (D:1)
  2 leopard geckos (D:1)
  A giant cockroach (D:2)
  A hobgoblin (D:1)
  A ball python (D:1)
  2 bats (D:1)
  2 frilled lizards (D:1)
  2 kobolds
  2 rats (D:1)
14 creatures vanquished.

Notes
Turn   | Place    | Note
-------+----------+-------------------------------------------
     0 | D:1      | Gukra the Draconian Wizard began the quest for the Orb.
     0 | D:1      | Reached XP level 1. HP: 14/14 MP: 4/4
   435 | D:1      | Reached XP level 2. HP: 20/20 MP: 1/6
   799 | D:2      | Noticed Sigmund
   826 | D:1      | HP: 1/20 [leopard gecko (5)]
   829 | D:1      | Slain by a leopard gecko

Action                   || total
-------------------------++-------
Melee: Unarmed           ||     7
       Club              ||     5
       Tailslap          ||     2
 Cast: Magic Dart        ||    37
  Use: Scroll            ||     3
 Stab: Sleeping          ||     1
Armor: Skin              ||    12
Dodge: Dodged            ||    22
